 Dungeon Crawl Stone Soup version 0.31-a0-358-gac0dbeb3ab (webtiles) character file.

Game seed: 17696674660240755850

56 randomguy2701 the Chopper (level 3, -1/34 HPs)
             Began as a Hill Orc Monk on July 25, 2023.
             Succumbed to a scorpion's poison
             ... on level 2 of the Dungeon.
             The game lasted 00:01:41 (1239 turns).

randomguy2701 the Chopper (Hill Orc Monk)           Turns: 1239, Time: 00:01:42

Health: -1/34      AC:  8    Str: 15    XL:     3   Next: 95%
Magic:  3/3        EV: 11    Int: 10    God:
Gold:   128        SH:  0    Dex: 13    Spells: 2/2 levels left

rFire   . . .        a - +0 hand axe
rCold   . . .        d - orb {light}
rNeg    . . .        g - +3 ring mail
rPois   .            (no helmet)
rElec   .            (no cloak)
rCorr   .            (no gloves)
SInv    .            (no boots)
Will    .....        (no amulet)
Stlth   +            (no ring)
HPRegen 0.25/turn    (no ring)
MPRegen 0.08/turn

%: no passive effects
@: lethally poisoned (-1 -> -6), glowing
A: no striking features
a: no special abilities


You were on level 2 of the Dungeon.
You visited 1 branch of the dungeon, and saw 2 of its levels.

You collected 128 gold pieces.

Inventory:

Hand Weapons
 a - a +0 hand axe (weapon)
Armour
 b - a +0 robe
 d - an orb of light (worn)
 g - a +3 ring mail (worn)
Scrolls
 i - a scroll of noise {unknown}
Potions
 c - a potion of ambrosia
 e - a potion of curing {unknown}
 f - 2 potions of magic {unknown}
 h - 2 potions of might {unknown}
 j - a potion of resistance {unknown}


   Skills:
 + Level 4.5 Fighting
 + Level 4.8 Axes
 + Level 2.9 Dodging


You had 2 spell levels left.
You didn't know any spells.
Your spell library contained the following spells:

 Spells                   Type           Power      Damage    Failure   Level
 Lesser Beckoning         Tloc           0%         N/A       75%         2
 Gell's Gravitas          Tloc           0%         N/A       92%         3
 Teleport Other           Tloc           0%         N/A       92%         3


Dungeon Overview and Level Annotations

Branches:
Dungeon (2/15)

Altars:


Message History

An adder comes into view.
A gnoll comes into view. It is wielding a +0 flail.
Found a bubbling emerald potion.
The adder hisses angrily.
You hit the ball python.
You kill the ball python!
The gnoll completely misses you.
Found 8 gold pieces.
The gnoll misses you. The gnoll hits you but does no damage.
You see here a ball python corpse.
The gnoll attacks as you move away! The gnoll hits you with a +0 flail.
The gnoll attacks as you move away! The gnoll barely misses you. x2
The scorpion stings you. The gnoll attacks as you move away!
The gnoll hits you with a +0 flail. The scorpion attacks as you move away!
The scorpion stings you but does no damage.
The scorpion attacks as you move away! The scorpion barely misses you.
The scorpion stings you but does no damage.
The scorpion attacks as you move away! The scorpion stings you.
You are poisoned.
The scorpion poisons you!
You feel very sick.
You feel sick.
You feel sick. The scorpion closely misses you.
You feel sick.
You feel sick.
You feel sick. The scorpion attacks as you move away! The scorpion stings you.
You are lethally poisoned!
The scorpion poisons you!
* * * LOW HITPOINT WARNING * * *
You feel very sick.
* * * LOW HITPOINT WARNING * * *
You feel sick. The scorpion stings you.
* * * LOW HITPOINT WARNING * * *
* * * LOW HITPOINT WARNING * * *
You feel very sick.
* * * LOW HITPOINT WARNING * * *
You feel sick.
You die...

#.#.###.......<.##.###
#.#..................#
#..............#.#.#.#
###......._...##...#.#
##.###..###.....###.#
#####............##.###.#
...............>........#
#.##...)######...###.####
#..#...#....s.@# #.#
#.##†..#g####..# #.#
#......#.# #...# #.###
#####....#.# #..## #...#
..g.#......# #(.# ###.#
.##.##g##### #<.# #.#
..g.Sgg# ##.# #.#####
.#...g## #.# #.†...#
.####..#### #.# #####.#


You could see a scorpion and a gnoll.

Vanquished Creatures
  2 adders (D:2)
  A dart slug (D:1)
  5 ball pythons
  4 endoplasms
  3 goblins
  4 hobgoblins
  4 kobolds (D:1)
  4 bats
  3 frilled lizards
  3 rats (D:1)
33 creatures vanquished.

Notes
Turn   | Place    | Note
-------+----------+-------------------------------------------
     0 | D:1      | randomguy2701 the Hill Orc Monk began the quest for the
                  | Orb.
     0 | D:1      | Reached XP level 1. HP: 19/19 MP: 1/1
   146 | D:1      | Reached XP level 2. HP: 19/27 MP: 2/2
   725 | D:1      | Reached XP level 3. HP: 33/33 MP: 3/3
   936 | D:2      | Found a faded altar of an unknown god.
  1217 | D:2      | Noticed a scorpion
  1238 | D:2      | HP: 1/34 [poisoned by a scorpion]
  1239 | D:2      | Succumbed to a scorpion's poison

Illustrated notes

Levels and vault maps discovered:
D:1:      scummos_arrival_gate, layout_basic
D:2:      layout_basic, hellmonk_ecumenical_altar_lost_god

Skill      XL: |  1  2 |
---------------+-------+-----
Fighting       | 4 |  4.5
Axes           | |  4.8
Dodging        | |  2.9

Action                     || total
---------------------------++-------
  Melee: Hand axe          ||    73
 Armour: Robe              ||     9
         Ring mail         ||    19
  Dodge: Dodged            ||    45

Table legend: (Time is in decaauts)
 A = Elapsed time spent in this place.
 B = Non-inter-level travel time spent in this place.
 C = Inter-level travel time spent in this place.
 D = Time resting spent in this place.
 E = Time spent auto-exploring this place.
 F = Levels seen in this place.
 G = Mean time per level.
                   A        B        C        D        E       F      G
               +--------+--------+--------+--------+--------+-----+--------+
         Total |   1244 |   1200 |     44 |      0 |   1000 |   2 |  622.0 |
       Dungeon |   1244 |   1200 |     44 |      0 |   1000 |   2 |  622.0 |
               +--------+--------+--------+--------+--------+-----+--------+

Top non-repeatable levels by time:
     D:1: 939 daAuts
     D:2: 305 daAuts
